 Dungeon Crawl Stone Soup version 0.20.1-1-g8b1a95d (webtiles) character file.

1099 Irenicus the Martial Artist (level 8, -2/69 HPs)
             Began as a Deep Dwarf Monk on Oct 14, 2017.
             Slain by a gnoll
             ... wielding a +0 halberd of electrocution
              (11 damage)
             ... in a bailey.
             The game lasted 00:12:03 (3992 turns).

Irenicus the Martial Artist (Deep Dwarf Monk)       Turns: 3992, Time: 00:12:04

Health: -2/69      AC:  5    Str: 16    XL:     8   Next: 10%
Magic:  6/6        EV: 14    Int: 10    God:
Gold:   277        SH:  0    Dex: 17    Spells: 7/7 levels left

rFire    . . .     SeeInvis .     - Unarmed
rCold    . . .     Gourm    +   (no shield)
rNeg     . . .     Faith    .   a - +0 robe
rPois    .         Spirit   .   (no helmet)
rElec    .         Reflect  .   g - +0 cloak
rCorr    .         Harm     .   y - +0 pair of gloves (curse)
MR       +....                  p - +0 pair of boots
Stlth    ++........             r - amulet of the gourmand
Regen    0.0/turn               n - +1 ring of slaying
MPRegen  0.1/turn               (no ring)

@: non-regenerating
A: damage resistance, heal wounds, dopey 1, sense surroundings 1, strong 1, no
regeneration
a: Heal Wounds


You were in a bailey.
You were not hungry.

You visited 1 branch of the dungeon, and saw 8 of its levels.
You also visited: Bailey.

You collected 277 gold pieces.

Inventory:

Missiles
 l - 11 tomahawks of returning (quivered)
Armour
 a - a +0 robe (worn)
 g - a +0 cloak (worn)
 p - a +0 pair of boots (worn)
 y - a cursed +0 pair of gloves (worn)
Jewellery
 n - a +1 ring of slaying (left hand)
 r - an amulet of the gourmand (around neck)
Wands
 c - a wand of iceblast (10/15)
 s - a wand of flame (21/48)
 A - a wand of confusion (34/48)
 B - a wand of confusion (26/48)
Scrolls
 e - 2 scrolls of identify
 h - 5 scrolls of remove curse
 j - 2 scrolls of enchant weapon
 m - 2 scrolls of magic mapping
 q - 3 scrolls of teleportation
 v - a scroll of blinking {unknown}
Potions
 d - a potion of flight
 i - 5 potions of curing
 k - a potion of brilliance
 o - a potion of magic {unknown}
 t - a potion of berserk rage {unknown}
 u - a potion of resistance {unknown}
 w - a potion of invisibility {unknown}
 z - 2 potions of lignification {unknown}
Comestibles
 b - 4 bread rations
 f - 5 meat rations
 x - 3 royal jellies


   Skills:
 - Level 3.0 Fighting
 + Level 0.3 Throwing
 - Level 4.0 Dodging
 - Level 3.0 Stealth
 + Level 8.7 Unarmed Combat


You had 7 spell levels left.
You didn't know any spells.

Dungeon Overview and Level Annotations

Branches:
Dungeon (9/15)
 Temple: D:4-7         Lair: D:8-11         Orc: D:9-12

Altars:
Cheibriados
Gozag
Okawaru
Ru

Annotations:
D:3 Ijyb; Schiappus's ghost, amateur TrBe


Innate Abilities, Weirdness & Mutations

You are resistant to damage.
You can heal yourself by infusing magical energy.
You passively map a small area around you.
You do not regenerate.
You are dopey. (Int -2)
Your muscles are strong. (Str +2)


Message History

Aim: a kobold (moderately wounded)
You throw a tomahawk of returning.
The tomahawk of returning hits the kobold.
You kill the kobold!
The tomahawk of returning fails to return to your pack!
Throwing (i - inventory):
l - 12 tomahawks of returning (quivered)
Press: ? - help, Shift-Dir - straight line, f - gnoll
Aim: a gnoll, wielding a halberd of electrocution You throw a tomahawk of returning.
The tomahawk of returning hits the gnoll but does no damage.
The tomahawk of returning fails to return to your pack!
Throwing (i - inventory):
l - 11 tomahawks of returning (quivered)
Press: ? - help, Shift-Dir - straight line, f/p - gnoll
Aim: a gnoll, wielding a halberd of electrocution
Okay, then.
The gnoll shouts!
The gnoll hits you with a halberd of electrocution!
* * * LOW HITPOINT WARNING * * *
You are electrocuted!
You die...

* ##### ### ###
*
*##.))###.###∩#
*'
#@###†##'##'##
*#....g##
##)...†##
#.....
###)...†###
.'..(..
,#.'..∩..'.#
##((...
###.....###
*#.....*
##.....##
#(##'##'
##'##'##'## g#
#.**
#)###.###.#
*#### ### ###


You could see 2 gnolls.

Vanquished Creatures
  A steam dragon (D:8)
  An ice beast (D:5)
  A sky beast (D:5)
  2 ogres (D:5)
  A centaur (D:5)
  A bullfrog (D:8)
  2 crimson imps (D:5)
  A hound (D:8)
  A centaur zombie (D:5)
  An iguana (D:5)
  2 orc wizards (D:5)
  3 worker ants
  A howler monkey skeleton (D:4)
  5 gnolls (Bailey)
  3 adders
  A shadow imp (D:5)
  An adder skeleton (D:4)
  2 worms
  11 dart slugs
  4 leopard geckos
  3 orcs
  5 giant cockroaches
  16 hobgoblins
  8 kobolds
  5 bats
  7 frilled lizards
  9 goblins
  2 rats
100 creatures vanquished.

Notes
Turn   | Place    | Note
-------+----------+-------------------------------------------
     0 | D:1      | Irenicus the Deep Dwarf Monk began the quest for the Orb.
     0 | D:1      | Reached XP level 1. HP: 20/20 MP: 1/1
   417 | D:1      | Reached XP level 2. HP: 21/27 MP: 2/2
   942 | D:2      | Reached skill level 3 in Unarmed Combat
   993 | D:2      | Reached XP level 3. HP: 14/33 MP: 3/3
  1534 | D:3      | Noticed Schiappus's ghost (amateur TrBe)
  1534 | D:3      | Noticed Ijyb
  1799 | D:3      | Reached XP level 4. HP: 19/40 MP: 4/4
  1998 | D:3      | Found an iron altar of Okawaru.
  2001 | D:3      | Found a sacrificial altar of Ru.
  2001 | D:3      | Found a snail-covered altar of Cheibriados.
  2001 | D:3      | Found an opulent altar of Gozag.
  2366 | D:4      | Reached skill level 4 in Unarmed Combat
  2798 | D:4      | Reached XP level 5. HP: 33/48 MP: 5/5
  2999 | D:5      | Entered Level 5 of the Dungeon
  3019 | D:5      | Noticed an ogre
  3030 | D:5      | Killed an ogre
  3030 | D:5      | Reached skill level 5 in Unarmed Combat
  3088 | D:5      | Noticed an ice beast
  3122 | D:5      | Killed an ice beast
  3122 | D:5      | Reached XP level 6. HP: 34/56 MP: 6/6
  3161 | D:5      | Reached skill level 6 in Unarmed Combat
  3315 | D:5      | Reached XP level 7. HP: 24/62 MP: 7/7
  3340 | D:5      | Reached skill level 7 in Unarmed Combat
  3747 | D:6      | You fall through a shaft for 3 floors!
  3778 | D:8      | Reached skill level 8 in Unarmed Combat
  3805 | D:8      | Found a flagged portal.
  3806 | D:8      | Noticed a steam dragon
  3829 | D:8      | Killed a steam dragon
  3829 | D:8      | Reached XP level 8. HP: 28/69 MP: 7/7
  3837 | Bailey   | Entered a bailey
  3843 | Bailey   | Gained mutation: You are dopey. (Int -2) [potion of mutation]
  3843 | Bailey   | Gained mutation: Your muscles are strong. (Str +2) [potion of mutation]
  3992 | Bailey   | Slain by a gnoll

Skill      XL: |  1  2  3  4  5  6  7 |
---------------+----------------------+-----
Unarmed Combat | 3 4 5 6 8 |  8.7
Stealth        | 3 |  3.0
Dodging        | 4 |  4.0
Fighting       | 3 |  3.0
Throwing       | |  0.3

Action                   |  1- 3 |  4- 6 |  7- 9 || total
-------------------------+-------+-------+-------++-------
Melee: Unarmed           |   142 |   153 |   134 ||   429
       Punch             |       |     2 |     3 ||     5
Throw: Tomahawk          |       |       |    14 ||    14
 Abil: Heal Wounds       |     1 |     2 |     5 ||     8
  Use: Potion            |       |     5 |     4 ||     9
       Scroll            |       |     2 |     5 ||     7
 Stab: Sleeping          |     9 |     5 |     3 ||    17
       Distracted        |     1 |       |       ||     1
  Eat: Chunk             |     2 |     5 |     3 ||    10
Armor: Robe              |    23 |    13 |    19 ||    55
Dodge: Dodged            |    79 |    78 |   115 ||   272
